 Dungeon Crawl Stone Soup version 0.19.0 (webtiles) character file.

42799 Gorglomux the Brawler (level 14, -8/129 HPs)
             Began as a Ghoul Monk on Nov 1, 2016.
             Was a High Priest of Okawaru.
             Mangled by an entropy weaver
             ... wielding a +0 long sword
              (15 damage)
             ... on level 6 of the Lair of Beasts.
             The game lasted 00:46:41 (16956 turns).

Gorglomux the Brawler (Ghoul Monk)                 Turns: 16956, Time: 00:46:42

Health: -8/129     AC: -2    Str: 20    XL:     14   Next: 21%
Magic:  20/20      EV: 20    Int:  5    God:    Okawaru [*****.]
Gold:   1204       SH:  5    Dex: 13    Spells: 0 memorised, 13 levels left

rFire  . . .     SeeInvis .       - Unarmed
rCold  + . .     Gourm    .     C - +6 scale mail "Seolach" {rF- rC+ rCorr Dex+2}
rNeg   + + +     Faith    .     (no shield)
rPois  ∞         Spirit   .     i - +0 hat
rElec  .         Reflect  +     P - +1 cloak {MR+}
rCorr  +         Harm     .     (no gloves)
MR     ++...                    (no boots)
Stlth  ++........               Q - +5 amulet of reflection
                                o - +5 ring of evasion
                                W - ring of fire

@: heroism, corroded, rotting
A: rotting body, claws 1, carnivore 3, cold resistance 1, negative energy
resistance 3, slow regeneration 1, torment resistance, unbreathing
a: Heroism, Finesse, Renounce Religion


You were on level 6 of the Lair of Beasts.
You worshipped Okawaru.
Okawaru was extremely pleased with you.
You were not hungry.

You visited 3 branches of the dungeon, and saw 18 of its levels.
You also visited: Bailey.

You collected 1204 gold pieces.

Inventory:

Missiles
 G - 4 javelins of returning
 N - 8 tomahawks of returning (quivered)
 O - 7 javelins of penetration
 Z - 3 steel tomahawks
Armour
 i - a +0 hat (worn)
 u - the +2 buckler of the Komtur {*Drain rPois MP+9}
   (You acquired it on level 4 of the Lair of Beasts)

   It protects you from poison.
   It affects your magic capacity (+9).
   It causes draining when unequipped.
 C - the +6 scale mail "Seolach" (worn) {rF- rC+ rCorr Dex+2}
   (You acquired it on level 2 of the Lair of Beasts)

   It affects your dexterity (+2).
   It makes you vulnerable to fire.
   It protects you from cold.
   It protects you from acid and corrosion.
 P - a +1 cloak of magic resistance (worn)
Jewellery
 o - a +5 ring of evasion (right claw)
 J - a +4 ring of evasion
 Q - a +5 amulet of reflection (around neck)
 W - a ring of fire (left claw)
Wands
 k - a wand of iceblast (2/15)
 y - a wand of digging (8/24)
 z - a wand of lightning (2/15)
 H - a wand of flame (17/48)
 K - a wand of lightning (11/15)
 V - a wand of teleportation (2/9)
Scrolls
 d - 6 scrolls of recharging
 f - 2 scrolls of fear
 g - 3 scrolls of amnesia
 h - a scroll of remove curse
 m - 2 scrolls of enchant armour
 p - a scroll of brand weapon
 q - 2 scrolls of magic mapping
 s - a scroll of summoning
 v - a scroll of blinking
 x - a scroll of identify
 B - 2 scrolls of torment
 F - 3 scrolls of teleportation
 I - 2 scrolls of silence
 U - a scroll of fog
Potions
 c - 2 potions of magic
 e - 3 potions of haste
 r - 10 potions of curing
 t - 3 potions of agility
 E - 2 potions of cancellation
 L - 2 potions of might
 R - a potion of flight
 S - 4 potions of heal wounds
Books
 a - a book of Battle

   Spells                             Type                      Level
   a - Infusion                       Charms                       1
   b - Shroud of Golubria             Charms/Translocation         2
   c - Song of Slaying                Charms                       2
   d - Spectral Weapon                Hexes/Charms                 3
   e - Regeneration                   Charms/Necromancy            3
 n - a book of Ice

   Spells                             Type                      Level
   a - Ice Form                       Ice/Transmutation            4
   b - Metabolic Englaciation         Hexes/Ice                    5
   c - Ozocubu's Refrigeration        Ice                          6
   d - Bolt of Cold                   Conjuration/Ice              6
   e - Freezing Cloud                 Conjuration/Ice/Air          6
   f - Simulacrum                     Ice/Necromancy               6
 D - a book of Cantrips

   Spells                             Type                      Level
   a - Confusing Touch                Hexes                        1
   b - Animate Skeleton               Necromancy                   1
   c - Summon Small Mammal            Summoning                    1
   d - Apportation                    Translocation                1
Comestibles
 b - 9 meat rations
 j - 4 beef jerkies
 M - 3 slices of pizza
 X - a royal jelly
 Y - 14 chunks of flesh


   Skills:
 + Level 13.3(18.3) Fighting
 - Level 4.0(9.0) Throwing
 + Level 5.2(10.2) Armour
 - Level 4.1(9.1) Dodging
 - Level 2.1(7.1) Stealth
 * Level 17.9(22.9) Unarmed Combat
 - Level 10.0 Invocations


You had 13 spell levels left.
You didn't know any spells.

Dungeon Overview and Level Annotations

Branches:
Dungeon (11/15)            Temple (1/1) D:4            Lair (6/6) D:11
 Shoals (0/4) Lair:3       Spider (0/4) Lair:3        Slime (0/5) Lair:6
    Orc (0/2) D:9

Altars:
Dithmenos
Fedhas
Okawaru
Ru
Sif Muna
Vehumet
Jiyva

Shops:
D:6 %

Annotations:
Lair:2 exclusion: oklob plant


Innate Abilities, Weirdness & Mutations

Your body is rotting away.
You thrive on raw meat.
You are immune to poison.
You have sharp fingernails.
You are carnivorous and can eat meat at any time.
Your flesh is cold resistant. (rC+)
You are immune to negative energy. (rN+++)
You regenerate slowly when monsters are visible.
You are immune to unholy pain and torment.
You can survive without breathing.


Message History

The plant is moderately damaged.
The entropy weaver hits you with a long sword!!
The entropy weaver hits you with a long sword!
* * * LOW HITPOINT WARNING * * *
The entropy weaver completely misses you. x2
You block the worker ant's attack.
The worker ant bites something but does no damage.
The worker ant barely misses you.
The entropy weaver gestures wildly while chanting.
The entropic weave corrodes you!
You scratch the entropy weaver.
The entropy weaver is almost dead.
The worker ant bites you.
* * * LOW HITPOINT WARNING * * *
The entropy weaver hits you with a long sword!
* * * LOW HITPOINT WARNING * * *
The entropy weaver hits you with a long sword!
* * * LOW HITPOINT WARNING * * *
The entropy weaver hits you with a long sword!
You die...

#PPPP#....#..######...#..#..
##.P#...P#####*** #########.
#.PP#...##*,,##,********,*#.
#.P#....# *,,..*,≈≈≈*,*,,,#.
##.P#...## *,,.#,*,≈,*,*,*,#.
#P.P#...####,*a#,,,*,,*,***#.
#.P#.......###Y#,***,*,*,* #.
#.P#.......##a##.##*.,*,** #.
##.#...#.#♣♣@aa#P.*.#.*** #.
#.#........♣a♣.....P##** #.
#.....P#...P♣♣≈≈♣P.♣.*,***##
#..........#.)♣≈≈...♣,,,,**#
#.......###♣.#P.♣P♣,,,,**,*#
##.......# **♣.♣.♣#,***,***#
#.......#####.P##*********#
###......##.#...# *,,**,,,
##.#...##P.....##**,,*,,,.


You could see an entropy weaver, a yak, a soldier ant and 3 worker ants.

Vanquished Creatures
  An entropy weaver (Lair:6)
  Snorg (Lair:5)
  The ghost of Gekot the Fighter, a journeyman FoFi of Okawaru (D:10)
  A hydra (Lair:6)
  The ghost of skk the Blocker, a journeyman HuFi of Trog (D:11)
  Harold (Lair:2)
  2 catoblepae
  The ghost of syranez the Cleaver, a novice DrBe of Trog (Lair:1)
  Erica (D:8)
  The ghost of Eligius the Cleaver, a novice MiFi of Okawaru (Lair:1)
  Urug (Lair:5)
  A queen ant (Lair:6)
  Sonja (Lair:2)
  A skeletal warrior (D:10)
  2 hill giants (D:10)
  A necromancer (D:10)
  3 ugly things (D:11)
  An elephant (D:10)
  A cyclops (D:10)
  A gargoyle (D:9)
  7 spiny frogs
  5 rime drakes
  5 komodo dragons
  A polar bear (Lair:6)
  5 trolls
  5 dream sheep (Lair:2)
  A two-headed ogre (D:10)
  5 blink frogs (Lair:4)
  6 hippogriffs
  4 flying skulls (D:10)
  4 shadows
  35 yaks
  A spriggan (D:7)
  3 vampires
  4 wyverns
  4 wraiths (D:10)
  A basilisk (Lair:3)
  2 swamp drakes
  9 porcupines
  3 soldier ants (Lair:6)
  11 water moccasins
  9 orc warriors
  A black bear (D:6)
  A hornet zombie (D:10)
  4 ice beasts
  2 sky beasts
  6 phantoms
  15 wolves
  2 ogres
  7 crocodiles
  7 centaurs
  17 bullfrogs
  A wyvern skeleton (D:10)
  4 scorpions
  16 killer bees
  16 wights
  4 howler monkeys
  A bullfrog zombie (D:10)
  4 crimson imps
  A quasit (D:11)
  4 jellies
  3 centaur skeletons
  3 centaur zombies (D:10)
  8 orc priests
  4 bullfrog skeletons
  5 hounds
  13 orc wizards
  3 iguanas
  12 worker ants
  A statue (D:7)
  A killer bee zombie (D:10)
  4 hound skeletons
  A howler monkey zombie (D:10)
  4 worker ant zombies (D:10)
  11 adders
  A shadow imp (D:8)
  5 oozes
  2 adder zombies
  2 adder skeletons
  2 worms
  A dart slug (D:1)
  6 leopard geckos
  72 orcs
  A ball python (D:2)
  4 bats
  6 giant cockroaches
  7 hobgoblins
  9 jackals
  7 kobolds
  6 quokkas
  10 frilled lizards
  18 goblins
  A jackal zombie (D:5)
  4 rats
504 creatures vanquished.

Vanquished Creatures (others)
  2 fungi
  5 plants (D:8)
7 creatures vanquished.

Grand Total: 511 creatures vanquished

Notes
Turn   | Place    | Note
-------+----------+-------------------------------------------
     0 | D:1      | Gorglomux the Ghoul Monk began the quest for the Orb.
     0 | D:1      | Reached XP level 1. HP: 19/19 MP: 0/0
   287 | D:1      | Reached XP level 2. HP: 23/26 MP: 1/1
   561 | D:1      | Reached skill level 4 in Unarmed Combat
  1000 | D:2      | Reached XP level 3. HP: 27/33 MP: 2/2
  1380 | D:2      | Reached XP level 4. HP: 40/40 MP: 3/3
  1548 | D:2      | Reached skill level 5 in Unarmed Combat
  2002 | D:3      | Found a faded altar of an unknown god.
  2002 | D:3      | Found a faded altar of an unknown god.
  2007 | D:3      | Found a sacrificial altar of Ru.
  2009 | D:3      | Found a blossoming altar of Fedhas.
  2011 | D:3      | Found a faded altar of an unknown god.
  2346 | D:3      | Reached XP level 5. HP: 34/46 MP: 4/4
  2427 | D:3      | Noticed a hippogriff
  3026 | D:3      | Killed a hippogriff
  3026 | D:3      | Reached skill level 5 in Fighting
  3026 | D:3      | Reached skill level 6 in Unarmed Combat
  3026 | D:3      | Reached XP level 6. HP: 20/55 MP: 5/5
  3411 | D:3      | Found a deep blue altar of Sif Muna.
  3411 | D:3      | Found an iron altar of Okawaru.
  3597 | D:3      | Became a worshipper of Warmaster Okawaru
  3597 | D:3      | Reached * piety under Okawaru
  3597 | D:3      | Reached ** piety under Okawaru
  3624 | D:4      | Found a radiant altar of Vehumet.
  3907 | D:4      | Noticed a phantom
  3918 | D:4      | Killed a phantom
  3918 | D:4      | Reached skill level 7 in Unarmed Combat
  3918 | D:4      | Reached skill level 1 in Invocations
  3918 | D:4      | Reached XP level 7. HP: 48/61 MP: 3/7
  4185 | D:4      | Found a staircase to the Ecumenical Temple.
  4188 | D:4      | Reached *** piety under Okawaru
  4203 | Temple   | Entered the Ecumenical Temple
  4487 | D:5      | Entered Level 5 of the Dungeon
  4623 | D:5      | Found a shadowy altar of Dithmenos.
  4645 | D:5      | Reached skill level 8 in Unarmed Combat
  4645 | D:5      | Reached XP level 8. HP: 61/70 MP: 9/9
  6030 | D:6      | Reached skill level 9 in Unarmed Combat
  6390 | D:6      | Reached XP level 9. HP: 72/79 MP: 11/11
  6443 | D:6      | Found Utsufa's Food Boutique.
  6633 | D:6      | Reached skill level 5 in Invocations
  6639 | D:6      | Reached **** piety under Okawaru
  6868 | D:7      | Reached skill level 10 in Unarmed Combat
  6986 | D:7      | Received a gift from Okawaru
  7427 | D:7      | Found a radiant altar of Vehumet.
  7727 | D:8      | Noticed Erica
  7743 | D:7      | Reached skill level 11 in Unarmed Combat
  7808 | D:8      | Found a flagged portal.
  7868 | Bailey   | Entered a bailey
  7916 | Bailey   | Reached skill level 1 in Throwing
  8044 | D:8      | HP: 2/81 [orc warrior/trident (20)]
  8329 | D:8      | Reached XP level 10. HP: 71/89 MP: 11/13
  8616 | D:8      | Killed Erica
  8616 | D:8      | Reached skill level 12 in Unarmed Combat
  8959 | D:8      | Reached ***** piety under Okawaru
  9604 | D:9      | Noticed a gargoyle
  9632 | D:9      | Killed a gargoyle
  9850 | D:9      | Found a staircase to the Orcish Mines.
 10160 | D:9      | Reached skill level 13 in Unarmed Combat
 10264 | D:9      | Reached XP level 11. HP: 97/97 MP: 14/14
 10270 | D:10     | Entered Level 10 of the Dungeon
 10280 | D:10     | Noticed Gekot's ghost (journeyman FoFi)
 10300 | D:10     | Killed Gekot's ghost
 10300 | D:10     | Received a gift from Okawaru
 10525 | D:10     | Noticed a hill giant
 10540 | D:10     | Killed a hill giant
 10540 | D:10     | Reached skill level 10 in Fighting
 10543 | D:10     | Received a gift from Okawaru
 10553 | D:10     | Noticed a skeletal warrior
 10553 | D:10     | Noticed a necromancer
 10572 | D:10     | Killed a necromancer
 10587 | D:10     | Killed a skeletal warrior
 10587 | D:10     | Reached skill level 14 in Unarmed Combat
 10604 | D:10     | Received a gift from Okawaru
 11465 | D:10     | Reached XP level 12. HP: 98/108 MP: 12/17
 11670 | D:11     | Found a staircase to the Lair.
 11685 | D:11     | Noticed skk's ghost (journeyman HuFi)
 11694 | D:11     | Reached skill level 15 in Unarmed Combat
 12099 | Lair:1   | Entered Level 1 of the Lair of Beasts
 12154 | D:11     | Killed skk's ghost
 12782 | Lair:1   | Noticed syranez's ghost (novice DrBe)
 12794 | Lair:1   | Killed syranez's ghost
 12909 | Lair:1   | Received a gift from Okawaru
 12932 | Lair:1   | Noticed Eligius's ghost (novice MiFi)
 12938 | Lair:1   | Killed Eligius's ghost
 13038 | Lair:1   | Reached skill level 16 in Unarmed Combat
 13115 | Lair:1   | Reached skill level 10 in Invocations
 13374 | Lair:2   | Noticed Harold
 13414 | Lair:2   | Killed Harold
 13414 | Lair:2   | Reached XP level 13. HP: 95/117 MP: 12/19
 13417 | Lair:2   | Reached skill level 1 in Armour
 13647 | Lair:2   | Noticed Sonja
 13662 | Lair:2   | Killed Sonja
 13975 | Lair:2   | Identified a scroll of acquirement
 13979 | Lair:2   | Got a spiked scale mail
 13980 | Lair:2   | Identified the +6 scale mail "Seolach" {rF- rC+ rCorr Dex+2} (You acquired it on level 2 of the Lair of Beasts)
 14242 | Lair:3   | You fall through a shaft for 3 floors!
 14242 | Lair:6   | Entered Level 6 of the Lair of Beasts
 14528 | Lair:3   | Found a staircase to the Shoals.
 14701 | Lair:3   | Found a hole to the Spider Nest.
 15392 | Lair:4   | Reached skill level 17 in Unarmed Combat
 15631 | Lair:4   | Got a faintly glowing cloak
 15632 | Lair:4   | Identified the +0 cloak "Zuol" {Int+4} (You acquired it on level 4 of the Lair of Beasts)
 15810 | Lair:4   | Got a dazzling buckler
 15811 | Lair:4   | Identified the +2 buckler of the Komtur {*Drain rPois MP+9} (You acquired it on level 4 of the Lair of Beasts)
 15972 | Lair:5   | Noticed Urug
 15977 | Lair:5   | Noticed Snorg
 15981 | Lair:5   | Killed Urug
 15989 | Lair:5   | Killed Snorg
 16608 | Lair:6   | Found a runed door.
 16608 | Lair:6   | Found a viscous altar of Jiyva.
 16645 | Lair:6   | Received a gift from Okawaru
 16674 | Lair:6   | Reached XP level 14. HP: 115/127 MP: 20/20
 16697 | Lair:6   | Found a staircase to the Slime Pits.
 16778 | Lair:6   | Received a gift from Okawaru
 16903 | Lair:6   | Noticed an entropy weaver
 16904 | Lair:6   | Noticed an entropy weaver
 16918 | Lair:6   | Killed an entropy weaver
 16918 | Lair:6   | Reached skill level 5 in Armour
 16956 | Lair:6   | Mangled by an entropy weaver

Skill      XL: |  1  2  3  4  5  6  7  8  9 10 11 12 13 14 |
---------------+-------------------------------------------+-----
Unarmed Combat | 4 5 6 7 8 9 11 13 14 16 17 | 17.9
Fighting       | 4 5 6 7 8 9 10 11 12 13 | 13.3
Invocations    | 1 3 4 6 8 10 | 10.0
Throwing       | 1 4 |  4.0
Dodging        | 3 4 |  4.1
Armour         | 4 5 |  5.2
Stealth        | |  2.1

Action                   |  1- 3 |  4- 6 |  7- 9 | 10-12 | 13-15 || total
-------------------------+-------+-------+-------+-------+-------++-------
Melee: Unarmed           |    96 |   136 |   375 |   689 |   454 ||  1750
       Punch             |     1 |     3 |    19 |    31 |    49 ||   103
Throw: Javelin           |       |       |       |    16 |    17 ||    33
       Tomahawk          |       |       |       |     3 |    14 ||    17
Invok: Heroism           |       |     1 |     8 |    20 |     8 ||    37
       Finesse           |       |       |       |    11 |     2 ||    13
Evoke: Wand              |       |       |       |     1 |       ||     1
  Use: Scroll            |       |     7 |     1 |    14 |    18 ||    40
       Potion            |       |     1 |     2 |       |       ||     3
 Stab: Sleeping          |     4 |     6 |     8 |       |       ||    18
       Petrified         |       |       |       |       |     7 ||     7
       Petrifying        |       |       |       |       |     1 ||     1
  Eat: Chunk             |     4 |    16 |    32 |    19 |    47 ||   118
Armor: Robe              |    18 |    18 |    31 |       |       ||    67
       Chain mail        |       |       |       |   163 |    28 ||   191
       Scale mail        |       |       |       |       |    61 ||    61
Dodge: Dodged            |    48 |   118 |   380 |   399 |   224 ||  1169
Block: Other             |       |       |       |     5 |    47 ||    52
